[ AOE2 MATCH · #504869407 ]
UnrankedIncas vs Bengalis
Player's team · WIN
Rival team · LOSS
[ REPLAY ANALYSIS · EXTRACTED FROM THE RECORDED GAME ]
Feudal
10:24
Castle
20:13
Imperial
—
| APM avg | 67.1 |
| APM peak | 103 |
| eAPM avg | 27.1 |
| Villagers / military | 130 / 126 |
Focus
⚔️ 51.6% · 🌾 48.4%
Archer ×94 · Monk ×15 · Skirmisher ×14 · Unknown (2550) ×10 · Battering Ram ×2 · Spearman ×1
Feudal
13:52
Castle
17:54
Imperial
—
| APM avg | 57.4 |
| APM peak | 86 |
| eAPM avg | 25.9 |
| Villagers / military | 97 / 83 |
Focus
⚔️ 48.4% · 🌾 51.6%
Ratha (Ranged) ×73 · Militia ×4 · Mangonel ×4 · Monk ×1 · Scorpion ×1
Match map
Initial resources + every placement click. Lines = walls · curves = elevation contours. ◆ gold · ⬟ stone · ● berries · ✦ relic · ◌ wall gap
Your base· Open — unwalled flank
Noszombie's base· Open — unwalled flank
Smoothed initial terrain · ◌ = detected wall gap · hover for details
Inputs per minute
— DS_Champi WarrioR - - Noszombie
Build order — DS_Champi WarrioR
First 150 of 385 actions detected
| 0:01 | Create | Villager (Male) |
| 0:01 | Create | Villager (Male) |
| 0:01 | Create | Villager (Male) |
| 0:01 | Create | Villager (Male) |
| 0:02 | Create | Villager (Male) |
| 0:03 | Build | House |
| 0:04 | Build | Barracks |
| 1:16 | Create | Unit 2550 |
| 1:16 | Create | Unit 2550 |
| 1:44 | Create | Villager (Male) |
| 2:04 | Create | Villager (Male) |
| 2:04 | Create | Villager (Male) |
| 2:34 | Create | Villager (Male) |
| 2:45 | Create | Unit 2550 |
| 2:45 | Create | Unit 2550 |
| 2:59 | Create | Villager (Male) |
| 3:20 | Create | Villager (Male) |
| 3:45 | Create | Unit 2550 |
| 3:45 | Create | Villager (Male) |
| 3:46 | Create | Villager (Male) |
| 4:10 | Create | Unit 2550 |
| 4:29 | Create | Villager (Male) |
| 4:31 | Build | House |
| 4:42 | Create | Villager (Male) |
| 5:10 | Create | Villager (Male) |
| 5:22 | Create | Villager (Male) |
| 5:22 | Create | Villager (Male) |
| 6:26 | Build | Settlement |
| 6:30 | Create | Villager (Male) |
| 6:54 | Create | Villager (Male) |
| 7:22 | Create | Villager (Male) |
| 7:44 | Research | Loom |
| 7:44 | Research | Loom |
| 8:01 | Research | Feudal Age |
| 8:01 | Research | Feudal Age |
| 8:43 | Build | Settlement |
| 9:24 | Create | Villager (Male) |
| 10:24 | Age | Feudal Age |
| 10:25 | Build | Archery Range |
| 10:26 | Research | Tech 1402 |
| 10:32 | Research | Double-Bit Axe |
| 10:32 | Research | Double-Bit Axe |
| 10:50 | Build | Farm |
| 10:51 | Create | Villager (Male) |
| 11:13 | Create | Villager (Male) |
| 11:14 | Create | Archer |
| 11:15 | Build | House |
| 11:41 | Create | Villager (Male) |
| 11:41 | Create | Archer |
| 11:44 | Build | House |
| 11:53 | Build | Farm |
| 11:54 | Build | Farm |
| 11:59 | Create | Archer |
| 11:59 | Create | Archer |
| 12:07 | Build | Blacksmith |
| 12:07 | Create | Villager (Male) |
| 12:08 | Create | Villager (Male) |
| 12:09 | Build | Farm |
| 12:28 | Build | Farm |
| 12:34 | Create | Unit 2550 |
| 12:48 | Build | Farm |
| 13:01 | Create | Archer |
| 13:02 | Create | Villager (Male) |
| 13:02 | Create | Villager (Male) |
| 13:04 | Build | House |
| 13:16 | Create | Villager (Male) |
| 13:34 | Create | Villager (Male) |
| 13:47 | Research | Fletching |
| 13:47 | Research | Fletching |
| 13:50 | Build | Farm |
| 14:10 | Create | Villager (Male) |
| 14:30 | Create | Villager (Male) |
| 14:33 | Build | Farm |
| 14:34 | Build | Farm |
| 14:43 | Create | Archer |
| 14:46 | Create | Villager (Male) |
| 15:02 | Create | Villager (Male) |
| 15:05 | Build | Market |
| 15:31 | Create | Villager (Male) |
| 16:17 | Create | Villager (Male) |
| 16:32 | Create | Villager (Male) |
| 16:34 | Build | Farm |
| 16:34 | Build | Farm |
| 16:35 | Create | Archer |
| 16:35 | Create | Archer |
| 16:47 | Build | Outpost |
| 17:33 | Research | Castle Age |
| 17:33 | Research | Castle Age |
| 17:35 | Create | Archer |
| 17:35 | Create | Archer |
| 17:45 | Create | Unit 2550 |
| 17:45 | Create | Spearman |
| 17:45 | Create | Unit 2550 |
| 18:24 | Create | Unit 2550 |
| 18:39 | Build | Outpost |
| 18:41 | Build | Outpost |
| 18:46 | Build | Archery Range |
| 19:00 | Create | Archer |
| 19:21 | Create | Archer |
| 19:21 | Create | Archer |
| 19:24 | Create | Archer |
| 19:24 | Create | Archer |
| 19:32 | Research | Padded Archer Armor |
| 19:32 | Research | Padded Archer Armor |
| 19:33 | Create | Villager (Male) |
| 20:05 | Create | Archer |
| 20:06 | Create | Archer |
| 20:06 | Create | Archer |
| 20:13 | Age | Castle Age |
| 20:15 | Build | Town Center |
| 20:17 | Research | Crossbowman (upgrade) |
| 20:21 | Research | Bodkin Arrow |
| 20:21 | Research | Bodkin Arrow |
| 20:39 | Create | Archer |
| 20:39 | Create | Archer |
| 20:40 | Create | Archer |
| 20:47 | Create | Archer |
| 20:50 | Build | Farm |
| 21:04 | Create | Villager (Male) |
| 21:04 | Create | Villager (Male) |
| 21:05 | Create | Villager (Male) |
| 21:19 | Create | Villager (Male) |
| 21:21 | Create | Archer |
| 21:21 | Create | Archer |
| 21:38 | Create | Villager (Male) |
| 21:56 | Create | Villager (Male) |
| 21:59 | Create | Archer |
| 21:59 | Create | Archer |
| 22:00 | Create | Archer |
| 22:00 | Create | Archer |
| 22:16 | Build | Settlement |
| 22:17 | Create | Villager (Male) |
| 22:17 | Create | Villager (Male) |
| 22:23 | Create | Archer |
| 22:23 | Create | Archer |
| 22:35 | Create | Villager (Male) |
| 22:35 | Create | Villager (Male) |
| 22:50 | Create | Villager (Male) |
| 22:51 | Create | Archer |
| 22:51 | Create | Archer |
| 23:12 | Build | Monastery |
| 23:15 | Create | Villager (Male) |
| 23:15 | Create | Villager (Male) |
| 23:39 | Build | Monastery |
| 23:41 | Create | Villager (Male) |
| 23:41 | Create | Villager (Male) |
| 23:50 | Create | Archer |
| 23:50 | Create | Archer |
| 23:51 | Create | Archer |
| 24:14 | Create | Monk |
Build order — Noszombie
First 150 of 263 actions detected
| 0:01 | Create | Villager (Male) |
| 0:01 | Create | Villager (Male) |
| 0:02 | Build | House |
| 0:04 | Build | House |
| 0:07 | Create | Villager (Male) |
| 0:13 | Create | Villager (Male) |
| 1:31 | Create | Villager (Male) |
| 1:31 | Create | Villager (Male) |
| 1:43 | Create | Villager (Male) |
| 1:58 | Build | Lumber Camp |
| 2:20 | Create | Villager (Male) |
| 2:50 | Create | Villager (Male) |
| 2:51 | Create | Villager (Male) |
| 3:06 | Create | Villager (Male) |
| 3:06 | Create | Villager (Male) |
| 3:19 | Build | House |
| 3:30 | Create | Villager (Male) |
| 3:40 | Create | Villager (Male) |
| 4:03 | Build | Palisade Wall |
| 4:07 | Create | Villager (Male) |
| 4:11 | Build | Palisade Gate |
| 4:13 | Build | Palisade Wall |
| 4:16 | Build | Palisade Wall |
| 4:29 | Create | Villager (Male) |
| 4:30 | Create | Villager (Male) |
| 4:49 | Create | Villager (Male) |
| 5:31 | Create | Villager (Male) |
| 5:31 | Create | Villager (Male) |
| 5:48 | Create | Villager (Male) |
| 6:02 | Build | Barracks |
| 6:12 | Create | Villager (Male) |
| 6:12 | Create | Villager (Male) |
| 6:16 | Build | Palisade Wall |
| 6:22 | Create | Villager (Male) |
| 6:33 | Create | Villager (Male) |
| 6:33 | Create | Villager (Male) |
| 6:46 | Create | Militia |
| 6:46 | Create | Militia |
| 7:04 | Create | Militia |
| 7:11 | Create | Villager (Male) |
| 7:11 | Create | Villager (Male) |
| 7:14 | Build | Mining Camp |
| 7:17 | Build | House |
| 7:18 | Build | Palisade Wall |
| 7:21 | Create | Villager (Male) |
| 7:37 | Research | Loom |
| 7:48 | Create | Villager (Male) |
| 7:50 | Build | Mill |
| 7:59 | Create | Villager (Male) |
| 8:07 | Build | House |
| 8:10 | Create | Villager (Male) |
| 8:10 | Create | Villager (Male) |
| 8:21 | Create | Militia |
| 8:22 | Create | Villager (Male) |
| 8:26 | Build | House |
| 8:28 | Create | Villager (Male) |
| 8:55 | Create | Villager (Male) |
| 9:02 | Create | Villager (Male) |
| 9:22 | Build | Farm |
| 9:35 | Create | Villager (Male) |
| 9:51 | Create | Villager (Male) |
| 10:06 | Build | Farm |
| 10:14 | Build | Farm |
| 10:33 | Create | Villager (Male) |
| 11:00 | Build | Farm |
| 11:02 | Build | Farm |
| 11:33 | Build | Palisade Wall |
| 11:42 | Research | Feudal Age |
| 11:42 | Research | Feudal Age |
| 11:46 | Build | Mining Camp |
| 12:01 | Build | Farm |
| 12:17 | Build | House |
| 12:50 | Build | Palisade Wall |
| 12:51 | Build | Palisade Wall |
| 12:53 | Build | Palisade Wall |
| 12:57 | Build | House |
| 13:52 | Age | Feudal Age |
| 13:55 | Build | Market |
| 14:02 | Create | Villager (Male) |
| 14:02 | Create | Villager (Male) |
| 14:23 | Build | Blacksmith |
| 14:39 | Build | House |
| 14:41 | Build | Palisade Wall |
| 15:08 | Build | Palisade Wall |
| 15:14 | Research | Castle Age |
| 15:14 | Research | Castle Age |
| 15:28 | Build | Palisade Wall |
| 15:31 | Build | Palisade Wall |
| 15:36 | Build | Palisade Wall |
| 16:09 | Build | Palisade Wall |
| 17:54 | Age | Castle Age |
| 17:57 | Build | Castle |
| 18:03 | Create | Villager (Male) |
| 18:08 | Create | Villager (Male) |
| 18:14 | Create | Villager (Male) |
| 18:23 | Create | Villager (Male) |
| 18:42 | Research | Padded Archer Armor |
| 18:42 | Create | Ratha (Ranged) |
| 18:42 | Create | Ratha (Ranged) |
| 18:56 | Create | Villager (Male) |
| 19:28 | Create | Ratha (Ranged) |
| 19:29 | Create | Villager (Male) |
| 19:33 | Build | House |
| 19:37 | Create | Ratha (Ranged) |
| 20:00 | Create | Villager (Male) |
| 20:05 | Create | Villager (Male) |
| 20:25 | Create | Ratha (Ranged) |
| 20:32 | Build | Farm |
| 20:36 | Create | Villager (Male) |
| 20:49 | Build | Outpost |
| 21:25 | Build | Siege Workshop |
| 21:43 | Create | Ratha (Ranged) |
| 21:43 | Create | Ratha (Ranged) |
| 21:47 | Create | Villager (Male) |
| 21:47 | Create | Villager (Male) |
| 21:47 | Create | Villager (Male) |
| 22:13 | Build | Lumber Camp |
| 22:24 | Create | Villager (Male) |
| 22:48 | Create | Mangonel |
| 22:50 | Create | Villager (Male) |
| 22:50 | Create | Villager (Male) |
| 22:51 | Create | Villager (Male) |
| 22:59 | Create | Ratha (Ranged) |
| 22:59 | Create | Ratha (Ranged) |
| 23:22 | Create | Villager (Male) |
| 23:23 | Create | Villager (Male) |
| 23:32 | Build | Mining Camp |
| 23:38 | Create | Ratha (Ranged) |
| 24:16 | Create | Mangonel |
| 24:24 | Create | Ratha (Ranged) |
| 24:25 | Create | Villager (Male) |
| 24:31 | Build | Outpost |
| 24:39 | Build | Farm |
| 24:47 | Create | Ratha (Ranged) |
| 24:47 | Create | Ratha (Ranged) |
| 25:01 | Create | Ratha (Ranged) |
| 25:18 | Build | Outpost |
| 25:22 | Create | Villager (Male) |
| 25:37 | Create | Mangonel |
| 25:42 | Create | Ratha (Ranged) |
| 26:00 | Create | Ratha (Ranged) |
| 26:00 | Create | Ratha (Ranged) |
| 26:15 | Build | Farm |
| 26:52 | Create | Ratha (Ranged) |
| 26:53 | Create | Ratha (Ranged) |
| 27:01 | Create | Mangonel |
| 27:04 | Create | Villager (Male) |
| 27:04 | Create | Villager (Male) |
| 27:05 | Create | Villager (Male) |
| 27:15 | Create | Ratha (Ranged) |
Match timeline
| 0:04 | DS_Champi WarrioR · first_building Barracks |
| 4:03 | Noszombie · wall_segment Palisade Wall x1 |
| 4:13 | Noszombie · wall_segment Palisade Wall x1 |
| 4:16 | Noszombie · wall_segment Palisade Wall x1 |
| 6:02 | Noszombie · first_building Barracks |
| 6:16 | Noszombie · wall_segment Palisade Wall x5 |
| 7:18 | Noszombie · wall_segment Palisade Wall x1 |
| 10:24 | DS_Champi WarrioR · age_up feudal |
| 10:25 | DS_Champi WarrioR · first_building Archery Range |
| 11:33 | Noszombie · wall_segment Palisade Wall x1 |
| 12:50 | Noszombie · wall_segment Palisade Wall x1 |
| 12:51 | Noszombie · wall_segment Palisade Wall x1 |
| 12:53 | Noszombie · wall_segment Palisade Wall x1 |
| 13:52 | Noszombie · age_up feudal |
| 14:41 | Noszombie · wall_segment Palisade Wall x7 |
| 15:08 | Noszombie · wall_segment Palisade Wall x4 |
| 15:28 | Noszombie · wall_segment Palisade Wall x1 |
| 15:31 | Noszombie · wall_segment Palisade Wall x1 |
| 15:36 | Noszombie · wall_segment Palisade Wall x1 |
| 15:58 | DS_Champi WarrioR · first_market_buy 100 food |
| 16:09 | Noszombie · wall_segment Palisade Wall x1 |
| 17:10 | DS_Champi WarrioR · first_market_sell 100 wood |
| 17:37 | Noszombie · first_market_sell 100 food |
| 17:40 | Noszombie · first_market_buy 100 stone |
| 17:54 | Noszombie · age_up castle |
| 17:57 | Noszombie · first_building Castle |
| 20:13 | DS_Champi WarrioR · age_up castle |
| 21:25 | Noszombie · first_building Siege Workshop |
| 23:12 | DS_Champi WarrioR · first_building Monastery |
| 28:37 | Noszombie · first_building Monastery |
| 33:29 | Noszombie · first_building Stable |
| 36:12 | Noszombie · wall_segment Stone Wall x1 |
| 39:47 | Noszombie · resign |
[ AI ANALYSIS · 1 CREDIT ]
What really happened in this match?
Wolo.gg analyzes every decision: build order, eco, micro, common mistakes by bracket. Personalized analysis on WhatsApp or Discord in 30 seconds.
Civ guide
Incas
Perfil
Jugador #4358030